 Dungeon Crawl Stone Soup version 0.31-a0-986-g5e6e4ef867 (webtiles) character file.

Game seed: 13463340255205157967

101 Jeffwins the Changeling (level 4, -3/35 HPs)
             Began as a Draconian Shapeshifter on Nov 24, 2023.
             Slain by a gnoll
             ... wielding a +0 flail
              (11 damage)
             ... on level 3 of the Dungeon.
             The game lasted 00:02:15 (2133 turns).

Jeffwins the Changeling (Draconian Shapeshifter)    Turns: 2133, Time: 00:02:16

Health: -3/35      AC:  5    Str: 22    XL:     4   Next: 48%
Magic:  4/4        EV: 12    Int: 13    God:
Gold:   177        SH:  0    Dex: 10    Spells: 3/3 levels left

rFire   . .          .
                       - Unarmed
rCold   . . .        (no shield)
rNeg    . . .        (body armour unavailable)
rPois   .            (helmet currently unavailable)
rElec   .            (cloak currently unavailable)
rCorr   .            (gloves currently unavailable)
SInv    .            (boots currently unavailable)
Will    +....        (no amulet)
Stlth   +            d - ring of willpower
HPRegen 0.25/turn    S - +6 ring of strength
MPRegen 0.09/turn

%: no passive effects
@: beast-form
A: beast (slay +2), AC +5, unfitting armour, cold-blooded
a: Begin Untransformation


You were on level 3 of the Dungeon.
You were a hulking beast.
You visited 1 branch of the dungeon, and saw 3 of its levels.

You collected 177 gold pieces.


Innate Abilities, Weirdness & Mutations

You are a hulking beast.
Your limbs bulge with bestial killing power. (Slay +2)
Your plain brown scales are hard. (AC +5)
You cannot fit into any form of body armour.
You are cold-blooded and may be slowed by cold attacks.


   Skills:
 - Level 1.1 Fighting
 - Level 1.7 Dodging
 - Level 3.0 Unarmed Combat
 + Level 5.0 Shapeshifting


You had 3 spell levels left.
You didn't know any spells.
Your spell library contained the following spells:

 Spells                   Type           Power      Damage    Failure   Level
 Poisonous Vapours        Pois/Air       0%         N/A       43%         2
 Mephitic Cloud           Conj/Pois/Air  0%         N/A       67%         3
 Freezing Cloud           Conj/Ice/Air   0%         6-21      100%        5

Inventory:

Hand Weapons
 f - a +3 dagger
Armour
 i - a +1 cloak
Magical Staves
 p - a staff of fire
 q - a staff of conjuration {!a}
Jewellery
 d - a ring of willpower (left hand)
 C - a ring of ice
 S - a +6 ring of strength (right hand)
 Z - a ring of wizardry
Talismans
 b - a beast talisman
 c - a flux talisman
Wands
 r - a wand of polymorph (5)
Scrolls
 g - 3 scrolls of identify {unknown}
 h - 2 scrolls of noise {unknown}
 j - a scroll of torment {unknown}
 k - 3 scrolls of teleportation {unknown}
 o - a scroll of enchant weapon {unknown}
 t - a scroll of summoning {unknown}
 u - 2 scrolls of fog {unknown}
Potions
 a - a potion of lignification {!q}
 e - 2 potions of curing {unknown}
 l - a potion of magic {unknown}
 m - a potion of might {unknown}
 n - 2 potions of degeneration {unknown}
 s - a potion of invisibility {unknown}

Dungeon Overview and Level Annotations

Branches:
Dungeon (3/15)

Altars:
Sif Muna

........## #........##.[##
###..##..# #..>.....###..###
# ##.### #........# ##.... [
#gg.## #.>......# #####
..###..## #......<.# ##..
....##g.## #......<.#####..#
#.⌠..(.###.........##...##
#.......##..######.##.###
#.⌠.⚑...#h.## #.#..#
##......)g## ##.#.##
#..⌠..##.# #....#
###...#..### #..###
#........#####..#
##.##.##........##
##.#####.##.#####......######
..
............................
#..
#.#####..[#######.###...###.


You could see a gnoll.


Message History

You hear a shout!
You hit the gnoll.
You kill the gnoll!
Your Shapeshifting skill increases to level 5!
You hit the gnoll.
The gnoll is lightly wounded.
The gnoll closely misses you. The gnoll barely misses you.
You hit the gnoll.
The gnoll is moderately wounded.
The gnoll hits you with a +0 flail.
* * * LOW HITPOINT WARNING * * *
The gnoll barely misses you.
Unknown command.
You completely miss the gnoll. You tail-slap the gnoll.
The gnoll is moderately wounded.
The gnoll hits you with a +0 flail.
* * * LOW HITPOINT WARNING * * *
The gnoll hits you with a +0 whip.
* * * LOW HITPOINT WARNING * * *
Unknown command.
You completely miss the gnoll. You tail-slap the gnoll.
The gnoll is severely wounded.
The gnoll hits you with a +0 flail.
* * * LOW HITPOINT WARNING * * *
The gnoll barely misses you.
Unknown command.
You hit the gnoll.
You kill the gnoll!
The gnoll hits you with a +0 flail!
You die...

Skill      XL: |  1  2  3  4 |
---------------+-------------+-----
Shapeshifting  | 4 5 |  5.0
Fighting       | |  1.1
Dodging        | |  1.7
Unarmed Combat | |  3.0

Action                     |  1- 3 |  4- 6 || total
---------------------------+-------+-------++-------
  Melee: Unarmed           |   128 |    21 ||   149
         Tailslap          |    18 |     7 ||    25
         Punch             |     1 |     1 ||     2
 Armour: Skin              |    52 |    16 ||    68
  Dodge: Dodged            |    61 |    12 ||    73

Levels and vault maps discovered:
D:1:      kb_arrival_jail, layout_loops_corners
D:2:      layout_loops_cross, st_stairs_13
D:3:      layout_rooms, mainiacjoe_overflow_tiny_flanked,
          hellmonk_ecumenical_altar_run_dry, uniq_ijyb

Notes
Turn   | Place    | Note
-------+----------+-------------------------------------------
     0 | D:1      | Jeffwins the Draconian Shapeshifter began the quest for the
                  | Orb.
     0 | D:1      | Reached XP level 1. HP: 16/16 MP: 1/1
     2 | D:1      | Noticed an ogre
     2 | D:1      | Noticed a spriggan
     4 | D:1      | Noticed a ghoul
     4 | D:1      | Noticed a human
     6 | D:1      | Noticed a draconian
     6 | D:1      | Noticed a meteoran
     8 | D:1      | Noticed a formicid
     8 | D:1      | Noticed a merfolk
    10 | D:1      | Noticed a demonspawn
    12 | D:1      | Noticed a demigod
    12 | D:1      | Noticed a vampire
    14 | D:1      | Noticed a minotaur
    14 | D:1      | Noticed a naga
    16 | D:1      | Noticed a felid
    16 | D:1      | Noticed an armataur
    19 | D:1      | Noticed an elf
    21 | D:1      | Noticed a troll
    23 | D:1      | Noticed a tengu
    23 | D:1      | Noticed an octopode
    25 | D:1      | Noticed a human
    25 | D:1      | Noticed a gargoyle
    27 | D:1      | Noticed a formicid
   136 | D:1      | Reached XP level 2. HP: 18/23 MP: 2/2
   998 | D:2      | Reached skill level 4 in Shapeshifting
  1255 | D:2      | Reached XP level 3. HP: 28/28 MP: 3/3
  1597 | D:3      | Found a faded altar of an unknown god.
  1621 | D:3      | Noticed Ijyb
  1834 | D:3      | Killed Ijyb
  1835 | D:3      | Reached XP level 4. HP: 35/35 MP: 4/4
  1869 | D:3      | Found a shimmering blue altar of Sif Muna.
  2129 | D:3      | Reached skill level 5 in Shapeshifting
  2133 | D:3      | Slain by a gnoll

Vanquished Creatures
  Ijyb (D:3)
  3 gnolls (D:3)
  4 worms
  2 dart slugs (D:1)
  An orc (D:3)
  4 bats
  3 endoplasms
  A giant cockroach (D:3)
  A goblin (D:1)
  5 hobgoblins
  6 kobolds
  3 quokkas
  4 ball pythons
  A frilled lizard (D:2)
  3 rats
42 creatures vanquished.

Table legend: (Time is in decaauts)
 A = Elapsed time spent in this place.
 B = Non-inter-level travel time spent in this place.
 C = Inter-level travel time spent in this place.
 D = Time resting spent in this place.
 E = Time spent auto-exploring this place.
 F = Levels seen in this place.
 G = Mean time per level.
                   A        B        C        D        E       F      G
               +--------+--------+--------+--------+--------+-----+--------+
         Total |   2117 |   2058 |     59 |     75 |   1598 |   3 |  705.7 |
       Dungeon |   2117 |   2058 |     59 |     75 |   1598 |   3 |  705.7 |
               +--------+--------+--------+--------+--------+-----+--------+

Top non-repeatable levels by time:
     D:1: 985 daAuts
     D:2: 636 daAuts
     D:3: 495 daAuts

Table legend:
 A = Non-vault XP
 B = Vault XP
 C = Vault XP percentage of total XP
 D = Non-vault monster count
 E = Vault monster count
 F = Vault count percentage of total count
                 A         B        C        D         E       F
            +---------+---------+-------+---------+---------+-------
      Total |     117 |      42 |  26.4 |      39 |       3 |   7.1
            +---------+---------+-------+---------+---------+-------
        D:1 |      34 |       0 |   0.0 |      17 |       0 |   0.0
        D:2 |      11 |       6 |  35.3 |       8 |       2 |  20.0
        D:3 |      72 |      36 |  33.3 |      14 |       1 |   6.7
            +---------+---------+-------+---------+---------+-------
